 Dungeon Crawl Stone Soup version 0.22-a0-558-gc224181 (webtiles) character file.

388 vierth the Covered (level 6, -2/55 HPs)
             Began as a Minotaur Fighter on June 27, 2018.
             Succumbed to Edmund's poison
             ... on level 4 of the Dungeon.
             The game lasted 00:05:39 (2680 turns).

vierth the Covered (Minotaur Fighter)               Turns: 2680, Time: 00:05:42

Health: -2/55      AC: 12    Str: 23    XL:     6   Next: 49%
Magic:  5/5        EV:  4    Int:  5    God:
Gold:   130        SH: 10    Dex:  9    Spells: 5/5 levels left

rFire    . . .     SeeInvis .   a - +0 war axe
rCold    . . .     Gourm    .   c - +0 shield
rNeg     . . .     Faith    .   n - +0 plate armour
rPois    .         Spirit   .   (helmet restricted)
rElec    .         Reflect  .   m - scarf {cloud immunity}
rCorr    .         Harm     .   (no gloves)
MR       .....                  (no boots)
Stlth    ..........             (no amulet)
HPRegen  0.18/turn              (no ring)
MPRegen  0.09/turn              (no ring)

@: lethally poisoned (-2 -> -52), about to teleport
A: retaliatory headbutt, horns 2
a: no special abilities


You were on level 4 of the Dungeon.
You were not hungry.

You visited 1 branch of the dungeon, and saw 4 of its levels.

You collected 130 gold pieces.

Inventory:

Hand Weapons
 a - a +0 war axe (weapon)
 o - a +2 mace of holy wrath
Armour
 c - a +0 shield (worn)
 m - a scarf of cloud immunity (worn)
 n - a +0 plate armour (worn)
Jewellery
 w - an uncursed ring of wizardry
Wands
 q - a wand of paralysis (12)
 v - a wand of acid (14)
Scrolls
 e - a scroll of remove curse
 g - 2 scrolls of blinking
 h - a scroll of magic mapping {unknown}
 i - a scroll of enchant armour {unknown}
 j - a scroll of immolation {unknown}
 k - a scroll of amnesia {unknown}
 s - a scroll of fog {unknown}
 t - a scroll of teleportation
 u - 2 scrolls of identify
 x - a scroll of random uselessness {unknown}
Potions
 b - a potion of flight {unknown}
 d - 3 potions of might
 l - a potion of lignification {unknown}
 p - a potion of heal wounds {unknown}
 r - 2 potions of degeneration {unknown}
 z - a potion of curing {unknown}
Comestibles
 f - 5 rations


   Skills:
 + Level 4.9 Fighting
 * Level 5.2 Axes
 * Level 5.8 Armour
 + Level 4.9 Shields


You had 5 spell levels left.
You didn't know any spells.
Your spell library was empty.

Dungeon Overview and Level Annotations

Branches:
Dungeon (4/15)
 Temple: D:4-7

Altars:

Shops:
D:4 %


Innate Abilities, Weirdness & Mutations

You reflexively headbutt those who attack you in melee.
You have a pair of horns on your head.


Message History

The goblin hits you but does no damage. You block the goblin's attack.
The goblin hits you but does no damage.
You hit Edmund.
Edmund is almost dead.
You closely miss the goblin.
Your shield and plate armour prevent you from hitting the goblin.
You closely miss the goblin. x2
* * * LOW HITPOINT WARNING * * *
You feel very sick. You block the goblin's attack.
Edmund hits you but does no damage.
You are more poisoned.
The goblin hits you but does no damage. You block the goblin's attack.
The goblin hits you but does no damage.
You hit Edmund.
You kill Edmund!
Your Axes skill increases to level 5!
You slash the goblin!
You kill the goblin!
You closely miss the goblin. x3
You die...

#.....####.#..# ..
##.##..##...##)### ..
........†...)))..###..
..#....†######.......
#.....# #.........
#.....##...###.....
#..†.....## ##.####
#†.....### #......
#g@g..## ##.#∩..
#......))g..# #.#...
g.#...#.....# #.#...
#.#.......... #.#...
.. ###......... #
#.#... ## ###..###..
....#... .## .. ##....
.. #.### ##. #


You could see 3 goblins.

Vanquished Creatures
  Edmund (D:4)
  A centaur skeleton (D:4)
  An orc wizard (D:4)
  Terence (D:2)
  Robin (D:4)
  3 gnolls (D:3)
  5 adders
  2 oozes
  A leopard gecko (D:1)
  5 orcs
  5 giant cockroaches
  13 goblins
  14 hobgoblins
  10 jackals
  7 bats
  5 frilled lizards
  13 kobolds
  3 rats
91 creatures vanquished.

Vanquished Creatures (others)
  An orc (D:4)
1 creature vanquished.

Grand Total: 92 creatures vanquished

Notes
Turn   | Place    | Note
-------+----------+-------------------------------------------
     0 | D:1      | vierth the Minotaur Fighter began the quest for the Orb.
     0 | D:1      | Reached XP level 1. HP: 19/19 MP: 0/0
   210 | D:1      | Reached XP level 2. HP: 27/27 MP: 1/1
   661 | D:1      | Reached XP level 3. HP: 32/33 MP: 2/2
   948 | D:2      | Noticed Terence
   957 | D:2      | Killed Terence
   957 | D:2      | Reached XP level 4. HP: 37/40 MP: 3/3
  1654 | D:3      | Reached XP level 5. HP: 35/47 MP: 4/4
  1954 | D:3      | Reached skill level 5 in Armour
  2481 | D:4      | Found Ilalleez's Food Boutique.
  2659 | D:4      | Noticed Edmund
  2664 | D:4      | Noticed Robin
  2677 | D:4      | Killed Robin
  2677 | D:4      | Reached XP level 6. HP: 16/53 MP: 5/5
  2680 | D:4      | Killed Edmund
  2680 | D:4      | Reached skill level 5 in Axes
  2680 | D:4      | Succumbed to Edmund's poison

Vault maps used:
D:1:      lemuel_arrival_tunnels
D:2:      first_ration, uniq_terence
D:3:      minmay_wonky_spiral
D:4:      kennysheep_mini, serial_shops, shop, xom_confusion_cloud, uniq_robin,
          uniq_edmund

Skill      XL: |  1  2  3  4  5  6 |
---------------+-------------------+-----
Fighting       | 4 |  4.9
Armour         | 4 5 |  5.8
Axes           | 3 4 5 |  5.2
Shields        | 4 |  4.9

Action                   |  1- 3 |  4- 6 || total
-------------------------+-------+-------++-------
Melee: War axe           |    83 |   125 ||   208
       Headbutt          |    11 |    24 ||    35
  Use: Scroll            |       |     5 ||     5
  Eat: Ration            |       |     2 ||     2
Armor: Scale mail        |    31 |       ||    31
       Plate armour      |     7 |    89 ||    96
Dodge: Dodged            |    32 |    30 ||    62
Block: Shield            |    37 |    77 ||   114

Table legend:
 A = Spawn XP
 B = Non-spawn XP
 C = Spawn XP percentage of total XP
 D = Spawn monster count
 E = Non-spawn monster count
 F = Spawn count percentage of total count
 G = Total turns spent on level
                    A         B        C        D         E        F      G
               +---------+---------+-------+---------+---------+-------+---------
         Total |       0 |     555 |   0.0 |       0 |      91 |   0.0 |  2680
               +---------+---------+-------+---------+---------+-------+---------
           D:1 |       0 |      54 |   0.0 |       0 |      28 |   0.0 |   936
           D:2 |       0 |      76 |   0.0 |       0 |      17 |   0.0 |   427
           D:3 |       0 |     110 |   0.0 |       0 |      20 |   0.0 |  1103
           D:4 |       0 |     315 |   0.0 |       0 |      26 |   0.0 |   214
               +---------+---------+-------+---------+---------+-------+---------
